 Dungeon Crawl Stone Soup version 0.19-a0-347-g6bb00b2 (webtiles) character file.

62 epen the Gusty (level 3, -1/20 HPs)
             Began as a Deep Elf Air Elementalist on May 29, 2016.
             Slain by an adder (4 damage)
             ... on level 2 of the Dungeon.
             The game lasted 00:02:36 (1669 turns).

epen the Gusty (Deep Elf Air Elementalist)          Turns: 1669, Time: 00:02:37

Health: -1/20      AC:  2    Str:  5    XL:     3   Next: 85%
Magic:  7/9        EV:  8    Int: 20    God:
Gold:   129        SH:  0    Dex: 15    Spells: 3 memorised, 2 levels left

rFire  . . .     SeeInvis .     h - +2 dagger (venom)
rCold  . . .     Gourm    .     a - +0 robe
rNeg   . . .     Faith    .     (no shield)
rPois  .         Spirit   .     (no helmet)
rElec  .         Dismiss  .     (no cloak)
rCorr  .         Reflect  .     (no gloves)
SustAt .         Harm     .     (no boots)
MR     .....                    (no amulet)
Stlth  ++........               (no ring)
                                (no ring)

@: repel missiles, not resistant to hostile enchantments, unstealthy
A: no striking features
a: no special abilities


You were on level 2 of the Dungeon.
You were not hungry.

You visited 1 branch of the dungeon, and saw 2 of its levels.

You collected 129 gold pieces.

Inventory:

Hand Weapons
 h - a +2 dagger of venom (weapon)
Armour
 a - a +0 robe (worn)
Scrolls
 d - 2 scrolls of identify {unknown}
 e - 2 scrolls of remove curse {unknown}
 i - a scroll of immolation {unknown}
 j - 2 scrolls of teleportation {unknown}
 m - a scroll of enchant armour {unknown}
 p - a scroll of fog {unknown}
Potions
 g - 3 potions of curing {unknown}
 n - 3 potions of might {unknown}
 o - 2 potions of mutation {unknown}
Books
 b - a book of Air

   Spells                             Type                      Level
   a - Shock                          Conjuration/Air              1
   b - Swiftness                      Charms/Air                   2
   c - Repel Missiles                 Charms/Air                   2
   d - Static Discharge               Conjuration/Air              3
   e - Lightning Bolt                 Conjuration/Air              5
 l - a book of Frost

   Spells                             Type                      Level
   a - Freeze                         Ice                          1
   b - Throw Frost                    Conjuration/Ice              2
   c - Ozocubu's Armour               Charms/Ice                   3
   d - Throw Icicle                   Conjuration/Ice              4
   e - Summon Ice Beast               Ice/Summoning                4
Comestibles
 c - a bread ration
 f - a fruit
 k - 2 beef jerkies


   Skills:
 + Level 0.8 Fighting
 + Level 3.2 Dodging
 - Level 2.4 Stealth
 + Level 3.0 Spellcasting
 * Level 2.5 Conjurations
 * Level 3.4 Air Magic


You had 2 spell levels left.
You knew the following spells:

 Your Spells              Type           Power        Failure   Level  Hunger
a - Shock                 Conj/Air       ###.         4%          1    None
b - Repel Missiles        Chrm/Air       #.....       14%         2    ##.....
c - Static Discharge      Conj/Air       ###.....     14%         3    ###....


Dungeon Overview and Level Annotations

Branches:
Dungeon (2/15)

Altars:
Makhleb


Message History

Confirm with . or Enter, or press ? or * to list all spells.
Okay, then.
You hit the worm.
The worm is lightly wounded.
The worm bites you!
* * * LOW HITPOINT WARNING * * *
You are too injured to fight recklessly!
An adder comes into view.
Casting: Shock
Confirm with . or Enter, or press ? or * to list all spells.
Aiming: Shock
Press: ? - help, Shift-Dir - straight line, f - worm
Aim: a worm (lightly wounded)
The zap misses the worm.
The adder bites you but does no damage.
There is a stone staircase leading up here.
The adder bites you.
* * * LOW HITPOINT WARNING * * *
The adder bites you.
You die...

.#....###...#.# #.#
)#.##.###...#.# #.#
.#.#...##...#.#####.#
....._...........##.#
..##...#.#.#..##.# .###
..###.##.#.#..##.##...#
..###....#..........#
......####.#.#......#
.............w.S@...#
#####.###...........#
#...............#
###...#†.#.#.#.#..#
##.................#
#.........#.#.#.#..#
##..#...#..#.#.....##
........#........###
....!...#######.##


You could see a worm and an adder.

Vanquished Creatures
  An adder (D:2)
  An ooze (D:1)
  3 worms (D:2)
  A dart slug (D:2)
  A giant gecko (D:1)
  3 giant cockroaches
  6 goblins
  2 hobgoblins (D:1)
  3 jackals (D:1)
  2 kobolds (D:1)
  3 ball pythons
  4 bats
  A giant newt (D:2)
  7 rats
38 creatures vanquished.

Notes
Turn   | Place    | Note
--------------------------------------------------------------
     0 | D:1      | epen the Deep Elf Air Elementalist began the quest for the Orb.
     0 | D:1      | Reached XP level 1. HP: 10/10 MP: 6/6
   367 | D:1      | Reached XP level 2. HP: 15/15 MP: 5/8
   630 | D:1      | Reached XP level 3. HP: 8/20 MP: 1/9
   634 | D:1      | Learned a level 2 spell: Repel Missiles
   638 | D:1      | Learned a level 3 spell: Static Discharge
  1446 | D:2      | Found a burning altar of Makhleb.
  1669 | D:2      | Slain by an adder

Vault maps used:
D:1:      scummos_arrival_simple_fountains
D:2:      nicolae_overflow_crystal_walls, serial_glass, glass_columns_a,
          glass_columns_b, feat_on_display, item_on_display_b

Skill      XL: |  1  2 |
---------------+-------+-----
Conjurations   | 2 |  2.5
Dodging        | 3 |  3.2
Fighting       | |  0.8
Stealth        | |  2.4
Spellcasting   | |  3.0
Air Magic      | |  3.4

Action                   || total
-------------------------++-------
Melee: Unarmed           ||     5
       Dagger            ||    38
 Cast: Shock             ||    52
       Repel Missiles    ||     1
 Stab: Sleeping          ||     2
  Eat: Chunk             ||     2
Armor: Robe              ||    13
Dodge: Dodged            ||    29
